 Dungeon Crawl Stone Soup version 0.18.1-48-g4cf74bf (webtiles) character file.

37 torvon the Cudgeler (level 3, 0/23 HPs)
             Began as a Tengu Chaos Knight on Aug 6, 2016.
             Slain by an ice beast (10 damage)
             ... on level 2 of the Dungeon.
             The game lasted 00:04:16 (1242 turns).

torvon the Cudgeler (Tengu Chaos Knight)            Turns: 1242, Time: 00:04:17

Health: 0/23       AC:  5    Str: 12 (13) XL:     3   Next: 41%
Magic:  4/4        EV: 11    Int:  9 (12) God:    Xom [....*.]
Gold:   86         SH:  0    Dex: 11 (13) Spells: 0 memorised, 2 levels left

rFire  . . .     SeeInvis .     a - +0 mace (chaos)
rCold  . . .     Gourm    .     b - +2 leather armour
rNeg   . . .     Faith    .     (no shield)
rPois  .         Spirit   .     (helmet restricted)
rElec  .         Dismiss  .     (no cloak)
rCorr  .         Reflect  .     (no gloves)
SustAt .         Harm     .     (boots unavailable)
MR     .....                    (no amulet)
Stlth  +.........               (no ring)
                                (no ring)

@: not resistant to hostile enchantments, very unstealthy
A: beak, talons 3
a: Renounce Religion


You were on level 2 of the Dungeon.
You worshipped Xom.
You were a beloved toy of Xom.
You were not hungry.

You visited 1 branch of the dungeon, and saw 2 of its levels.

You collected 86 gold pieces.

Inventory:

Hand Weapons
 a - a +0 mace of chaos (weapon)
 e - a +0 club
 g - a +0 dagger
 h - a -2 dagger
 i - a +0 hand axe
 o - a cursed -1 dagger
 r - a +0 long sword
 s - a +0 hunting sling
Missiles
 f - 52 stones (quivered)
Armour
 b - a +2 leather armour (worn)
 j - a +0 robe
 k - a +0 pair of boots
 q - a +0 leather armour
Scrolls
 l - 3 scrolls of identify {unknown}
 n - 2 scrolls of remove curse
 p - a scroll of noise {unknown}
Potions
 m - a potion of degeneration
Comestibles
 c - a bread ration
 d - a slice of pizza


   Skills:
 + Level 3.4 Fighting
 + Level 4.0 Maces & Flails
 + Level 2.5 Armour
 + Level 1.4 Dodging
 + Level 0.2 Stealth


You had 2 spell levels left.
You didn't know any spells.

Dungeon Overview and Level Annotations

Branches:
Dungeon (2/15)

Altars:
Fedhas
Qazlal
Xom


Innate Abilities, Weirdness & Mutations

You have a beak for a mouth.
You have claws for feet.


Message History

The worm bites you!
You barely miss the worm. You claw the worm. Your peck misses the worm.
The worm is lightly wounded.
You hit the worm but do no damage.
The worm is poisoned.
You peck the worm, but do no damage.
The worm is lightly wounded.
The worm bites you.
You hit the worm. You freeze the worm. You claw the worm, but do no damage.
You peck the worm, but do no damage.
The worm is moderately wounded.
The worm bites you but does no damage.
A worm comes into view.
You hit the worm.
The worm evaporates and reforms as an ice beast!
Xom thinks this is hilarious!
Your kick misses the ice beast. The ice beast closely misses you.
You closely miss the ice beast. The ice beast hits you.
The ice beast freezes you!
You die...
Xom chortles!

.......................
......................#
#####......)w.........#
......................#
......................##
........................
###...................#
#.........§§........#
#........#≈≈.@YP.P..#
#.......^.§§§.PPPP..#
#######..#_....._PP##
#.^≈....PPPPP+
#..^≈^...PP..#
#............#
#............#
#............#
############....


You could see an ice beast and a worm.

Vanquished Creatures
  An adder (D:2)
  An ooze (D:2)
  A dart slug (D:2)
  A bat (D:2)
  2 giant cockroaches
  5 hobgoblins
  2 jackals (D:2)
  3 goblins (D:1)
  2 kobolds (D:1)
  2 rats (D:1)
20 creatures vanquished.

Notes
Turn   | Place    | Note
--------------------------------------------------------------
     0 | D:1      | torvon the Tengu Chaos Knight began the quest for the Orb.
     0 | D:1      | Reached XP level 1. HP: 14/14 MP: 2/2
    83 | D:1      | XOM: potion effect (invisibility)
   115 | D:1      | XOM: stat loss: -1 Dex (12/13)
   157 | D:1      | XOM: enchant monster (bad)
   170 | D:1      | Reached XP level 2. HP: 13/19 MP: 3/3
   421 | D:1      | XOM: god gift: 20 gold pieces
   461 | D:1      | XOM: harmless Air miscast
   574 | D:1      | XOM: enchant monster (bad)
   773 | D:2      | XOM: scenery: create altars
   908 | D:2      | Reached XP level 3. HP: 21/23 MP: 4/4
   931 | D:2      | Reached skill level 4 in Maces & Flails
  1169 | D:2      | Found a stormy altar of Qazlal.
  1203 | D:2      | Found a blossoming altar of Fedhas.
  1241 | D:2      | Noticed an ice beast
  1241 | D:2      | a worm changed into an ice beast
  1242 | D:2      | Slain by an ice beast

Skill      XL: |  1  2  3 |
---------------+----------+-----
Maces & Flails | 4 |  4.0
Fighting       | |  3.4
Armour         | |  2.5
Dodging        | |  1.4
Stealth        | |  0.2

Action                   || total
-------------------------++-------
Melee: Mace              ||    64
       Kick              ||    15
       Peck              ||    15
       Dagger            ||     2
  Use: Scroll            ||     1
       Potion            ||     1
 Stab: Invisible         ||     2
  Eat: Bread ration      ||     1
Armor: Leather armour    ||    38
Dodge: Dodged            ||    65
